 Dungeon Crawl Stone Soup version 0.26-a0-30-g56b8cd3df0 (webtiles) character file.

Game seed: 18098281387772444633, levelgen mode: deterministic

1659778 bmfx the Hoplite (level 27, 231/231 HPs)
             Began as a Formicid Gladiator on June 2, 2020.
             Was a Follower of Uskayaw.
             Escaped with the Orb
             ... and 3 runes on June 3, 2020!
             The game lasted 03:26:32 (77700 turns).

bmfx the Hoplite (Formicid Gladiator)              Turns: 77700, Time: 03:26:33

Health: 231/231    AC: 53    Str: 23    XL:     27
Magic:  40/40      EV: 12    Int: 15    God:    Uskayaw [*.....]
Gold:   2186       SH: 25    Dex: 13    Spells: 26/26 levels left

rFire    + + +     SeeInvis +   a - +8 glaive of the Guard {elec, +Rage AC+5 SInv}
rCold    + + +     Gourm    .   H - +0 tower shield
rNeg     . . .     Faith    +   M - +9 scales of the Dragon King {rPois rF+ rC+ MR+}
rPois    +         Spirit   .   (helmet unavailable)
rElec    +         Reflect  .   q - scarf {rC+ rF+}
rCorr    .         Harm     .   k - +0 pair of gloves of Divine Compulsion {MR+ Str+3 Int+3 Dex+3 SInv}
MR       ++++.                  S - +2 pair of boots {Fly}
Stlth    ..........             W - amulet of faith
HPRegen  0.48/turn              s - ring of Xooluw {+Inv rF+ AC+4 Str-4}
MPRegen  0.27/turn              f - ring "Veolagg" {Wiz Slay+6 Stlth-}

@: no status effects
A: permanent stasis, dig shafts and tunnels, four strong arms, antennae 3, slimy
green scales 1, yellow scales 1, clumsy 1, cold resistance 1, high mp 1, sense
surroundings 1, electricity resistance, weak 2, MP-powered wands
0: Orb of Zot
}: 3/15 runes: barnacled, silver, gossamer
a: Dig, Shaft Self, Stomp, Renounce Religion, Evoke Invisibility, Evoke Flight


You escaped.
You worshipped Uskayaw.
Uskayaw was greatly pleased with you.
You were full.

You visited 10 branches of the dungeon, and saw 50 of its levels.
You visited 1 ziggurat, and saw 4 of its levels.
You also visited: Trove, Ice Cave and Wizlab.

You collected 6751 gold pieces.
You spent 4565 gold pieces at shops.


Innate Abilities, Weirdness & Mutations

You cannot be hasted, slowed, berserked, paralysed or teleported.
You can dig through walls and to a lower floor.
Your four strong arms can wield two-handed weapons with a shield.
You have a pair of large antennae on your head. (SInv)
You are partially covered in slimy green scales. (AC +2)
You are partially covered in yellow scales. (AC +2)
You are clumsy. (Dex -2)
Your flesh is cold resistant. (rC+)
You have an increased reservoir of magic. (+10% MP)
You passively map a small area around you.
You are resistant to electric shocks. (rElec)
You are very weak. (Str -4)
You expend magic power (3 MP) to strengthen your wands.

Dungeon Overview and Level Annotations

Branches:
Dungeon (15/15)            Temple (1/1) D:6            Lair (6/6) D:8
 Shoals (4/4) Lair:3       Spider (4/4) Lair:2        Slime (0/5) Lair:6
    Orc (2/2) D:11            Elf (3/3) Orc:2        Vaults (5/5) D:14
  Crypt (0/3) Vaults:2     Depths (5/5) D:15            Zot (5/5) Depths:5
  IceCv (visited)          WizLab (visited)

Altars:
Ashenzari
Cheibriados
Dithmenos
Elyvilon
Fedhas
Gozag
Hepliaklqana
Kikubaaqudgha
Makhleb
Nemelex Xobeh
Okawaru
Qazlal
Ru
Sif Muna
Trog
Uskayaw
Vehumet
Wu Jian
Xom
Yredelemnul
Zin
The Shining One
Beogh

Shops:
Orc:1 %   Orc:2 :?(!   Elf:1 [   Vaults:2 !?   Vaults:5 !%?(   Depths:1 *
Depths:5 !

Portals:
Hell: Depths:1 Depths:2 Depths:3 Depths:4 Depths:5
Abyss: Depths:3 Depths:4 Depths:5
Pandemonium: Depths:3

Annotations:
D:10 exclusion: ice statue
D:14 elec dragon
Lair:6 exclusion: 2 oklob plants
Shoals:1 Roxanne
Vaults:2 36 runed doors
Depths:2 exclusions: door and orange crystal statue
Depths:3 1 transporter
Zot:3 2 transporters
Zot:4 1 runed translucent door, Vaobirr's ghost, veteran MiFi


   Skills:
 + Level 22.0 Fighting
 - Level 22.0 Polearms
 - Level 13.2 Throwing
 - Level 25.0 Armour
 - Level 11.4 Dodging
 - Level 25.0 Shields
 - Level 20.0 Invocations
 - Level 12.0 Evocations


You had 26 spell levels left.
You didn't know any spells.
Your spell library contained the following spells:

 Spells                   Type           Power        Failure   Level  Hunger
 Animate Skeleton         Necr           N/A          69%         1    ##.....
 Apportation              Tloc           #.....       69%         1    ##.....
 Beastly Appendage        Tmut           #.....       69%         1    ##.....
 Corona                   Hex            #......      69%         1    ##.....
 Foxfire                  Conj/Fire      #...         69%         1    ##.....
 Freeze                   Ice            #...         69%         1    ##.....
 Infusion                 Chrm           #...         69%         1    ##.....
 Magic Dart               Conj           #...         69%         1    ##.....
 Pain                     Necr           #...         69%         1    ##.....
 Shock                    Conj/Air       #...         69%         1    ##.....
 Summon Butterflies       Summ           #.......     69%         1    ##.....
 Call Imp                 Summ           #.......     82%         2    ###....
 Corpse Rot               Necr/Air       N/A          82%         2    ###....
 Ensorcelled Hibernation  Hex/Ice        #.....       82%         2    ###....
 Poisonous Vapours        Pois/Air       #.....       82%         2    ###....
 Searing Ray              Conj           #.....       82%         2    ###....
 Shroud of Golubria       Chrm/Tloc      #.....       82%         2    ###....
 Slow                     Hex            #.......     82%         2    ###....
 Sticks to Snakes         Tmut           #.......     82%         2    ###....
 Sublimation of Blood     Necr           #.........   82%         2    ###....
 Confusing Touch          Hex            #.......     96%         3    ####...
 Conjure Flame            Conj/Fire      #.......     96%         3    ####...
 Dazzling Flash           Conj/Hex       #.....       96%         3    ####...
 Frozen Ramparts          Ice            #.....       96%         3    ####...
 Gell's Gravitas          Tloc           #.........   96%         3    ####...
 Ignite Poison            Fire/Tmut/Pois #.......     96%         3    ####...
 Inner Flame              Hex/Fire       #.......     96%         3    ####...
 Lesser Beckoning         Tloc           #.........   96%         3    ####...
 Mephitic Cloud           Conj/Pois/Air  #.......     96%         3    ####...
 Ozocubu's Armour         Chrm/Ice       #.......     96%         3    ####...
 Portal Projectile        Hex/Tloc       #.....       96%         3    ####...
 Recall                   Summ/Tloc      N/A          96%         3    ####...
 Spider Form              Tmut/Pois      #.........   96%         3    ####...
 Static Discharge         Conj/Air       #.......     96%         3    ####...
 Stone Arrow              Conj/Erth      #.....       96%         3    ####...
 Tukima's Dance           Hex            #.......     96%         3    ####...
 Vampiric Draining        Necr           #.........   96%         3    ####...
 Airstrike                Air            #.........   100%        4    #####..
 Animate Dead             Necr           N/A          100%        4    #####..
 Cause Fear               Hex            #.........   100%        4    #####..
 Dispel Undead            Necr           #.......     100%        4    #####..
 Fulminant Prism          Conj/Hex       #.........   100%        4    #####..
 Hailstorm                Conj/Ice       #.......     100%        4    #####..
 Ice Form                 Ice/Tmut       #.......     100%        4    #####..
 Iskenderun's Mystic Bla  Conj/Tloc      #.......     100%        4    #####..
 Leda's Liquefaction      Hex/Erth       #.........   100%        4    #####..
 Petrify                  Tmut/Erth      #.......     100%        4    #####..
 Sticky Flame             Conj/Fire      #.......     100%        4    #####..
 Summon Ice Beast         Ice/Summ       #.......     100%        4    #####..
 Summon Lightning Spire   Summ/Air       #.......     100%        4    #####..
 Agony                    Necr           #.......     100%        5    ######.
 Alistair's Intoxication  Tmut/Pois      #.......     100%        5    ######.
 Blade Hands              Tmut           #.........   100%        5    ######.
 Bolt of Magma            Conj/Fire/Erth #.........   100%        5    ######.
 Borgnjor's Vile Clutch   Necr/Erth      #.........   100%        5    ######.
 Excruciating Wounds      Chrm/Necr      #.........   100%        5    ######.
 Fireball                 Conj/Fire      #.........   100%        5    ######.
 Iskenderun's Battlesphe  Conj/Chrm      #.......     100%        5    ######.
 Lightning Bolt           Conj/Air       #.........   100%        5    ######.
 Metabolic Englaciation   Hex/Ice        #.........   100%        5    ######.
 Silence                  Hex/Air        #.........   100%        5    ######.
 Summon Forest            Summ/Tloc      #.........   100%        5    ######.
 Yara's Violent Unravell  Hex/Tmut       #.........   100%        5    ######.
 Conjure Ball Lightning   Conj/Air       #.........   100%        6    #######
 Darkness                 Hex            #.........   100%        6    #######
 Death Channel            Necr           #.........   100%        6    #######
 Eringya's Noxious Bog    Tmut/Pois      #.........   100%        6    #######
 Freezing Cloud           Conj/Ice/Air   #.........   100%        6    #######
 Hydra Form               Tmut           #.........   100%        6    #######
 Invisibility             Hex            #.......     100%        6    #######
 Iron Shot                Conj/Erth      #.........   100%        6    #######
 Ozocubu's Refrigeration  Ice            #.........   100%        6    #######
 Shadow Creatures         Summ           N/A          100%        6    #######
 Simulacrum               Ice/Necr       #.........   100%        6    #######
 Starburst                Conj/Fire      #.........   100%        6    #######
 Statue Form              Tmut/Erth      #........    100%        6    #######
 Dragon Form              Tmut           #.........   100%        7    #######
 Malign Gateway           Summ/Tloc      #.........   100%        7    #######
 Monstrous Menagerie      Summ           #.........   100%        7    #######
 Ring of Flames           Chrm/Fire      #.........   100%        7    #######
 Summon Greater Demon     Summ           #.........   100%        7    #######
 Summon Hydra             Summ           #.........   100%        7    #######
 Ignition                 Fire           #.........   100%        8    #######
 Summon Horrible Things   Summ           #.........   100%        8    #######
 Shatter                  Erth           #.........   100%        9    #######
 Tornado                  Air            #.........   100%        9    #######
 Blink                    Tloc           Unusable     N/A         2    N/A
 Swiftness                Chrm/Air       Unusable     N/A         2    N/A

Action                   |  1- 3 |  4- 6 |  7- 9 | 10-12 | 13-15 | 16-18 | 19-21 | 22-24 | 25-27 || total
-------------------------+-------+-------+-------+-------+-------+-------+-------+-------+-------++-------
Melee: Trident           |    90 |   209 |   364 |   737 |       |       |       |       |       ||  1400
       Glaive            |       |       |       |   108 |   871 |  1214 |  1308 |  1218 |  2322 ||  7041
Throw: Stone             |    24 |    63 |    28 |   144 |   224 |    27 |       |       |       ||   510
       Throwing net      |       |     3 |       |     1 |       |       |       |       |       ||     4
       Dart              |       |       |    13 |    44 |       |   239 |   106 |       |       ||   402
       Boomerang         |       |       |       |       |       |    38 |       |       |       ||    38
       Javelin           |       |       |       |       |       |       |       |       |    25 ||    25
Invok: Grand Finale      |       |       |       |     1 |       |     1 |       |     3 |     8 ||    13
       Line Pass         |       |       |       |     1 |     4 |       |       |       |       ||     5
 Abil: Dig               |     1 |     1 |     9 |    14 |     7 |    12 |     4 |     8 |    42 ||    98
       Shaft Self        |       |       |     1 |     3 |       |       |       |       |       ||     4
       Stop Flying       |       |       |       |       |       |       |     1 |     1 |       ||     2
       Evoke Flight      |       |       |       |       |       |       |       |     1 |       ||     1
Evoke: Wand              |       |     6 |    19 |    20 |    10 |    14 |     1 |     1 |    36 ||   107
       Tin of tremorston |       |       |       |       |     5 |       |     5 |     7 |    18 ||    35
       Lightning rod     |       |       |       |       |       |     4 |       |     7 |       ||    11
       Phantom mirror    |       |       |       |       |       |       |       |       |     3 ||     3
  Use: Scroll            |     1 |     5 |     3 |     4 |    13 |    12 |    13 |     5 |    41 ||    97
       Potion            |       |     2 |     1 |     3 |     4 |     1 |     2 |     6 |    51 ||    70
 Stab: Paralysed         |       |       |     5 |    55 |    58 |    94 |   121 |   146 |   251 ||   730
       Confused          |       |       |       |     1 |     1 |       |       |       |     1 ||     3
       Petrified         |       |       |       |       |     6 |       |     2 |       |       ||     8
       Invisible         |       |       |       |       |       |       |     2 |       |     4 ||     6
       Distracted        |       |       |       |       |       |       |       |       |     1 ||     1
  Eat: Chunk             |     2 |     6 |    12 |    23 |    25 |    22 |    19 |    27 |    25 ||   161
       Ration            |       |       |     1 |     3 |     4 |     4 |     4 |     2 |    19 ||    37
Armor: Leather armour    |     6 |       |       |       |       |       |       |       |       ||     6
       Chain mail        |    10 |    75 |    57 |       |       |       |       |       |       ||   142
       Ring mail         |     3 |       |       |       |       |       |       |       |       ||     3
       Scale mail        |       |       |    77 |   218 |   167 |   226 |   164 |   168 |   166 ||  1186
       Skin              |       |       |     4 |    18 |       |       |       |       |       ||    22
       Gold dragon scale |       |       |       |       |       |       |       |       |   343 ||   343
       Fire dragon scale |       |       |       |       |       |       |       |       |    50 ||    50
Dodge: Dodged            |    23 |    70 |   138 |   262 |   328 |   343 |   334 |   308 |   394 ||  2200
Block: Buckler           |       |       |       |    12 |   130 |     5 |       |       |       ||   147
       Tower shield      |       |       |       |       |       |   678 |   785 |   679 |  1218 ||  3360

Skill      XL: |  1  2  3  4  5  6  7  8  9 10 11 12 13 14 15 16 17 18 19 20 21 22 23 24 25 26 27 |
---------------+----------------------------------------------------------------------------------+-----
Fighting       | 3 4 5 6 8 9 11 15 17 20 22 | 22.0
Polearms       | 4 5 6 7 10 12 14 17 19 20 22 | 22.0
Throwing       | 3 4 6 13 | 13.2
Invocations    | 6 8 10 15 19 20 | 20.0
Armour         | 3 6 7 11 15 18 20 25 | 25.0
Dodging        | 5 8 9 11 | 11.4
Evocations     | 5 10 12 | 12.0
Shields        | 4 11 12 15 16 20 25 | 25.0

Inventory:

Hand Weapons
 a - the +8 glaive of the Guard (weapon) {elec, +Rage AC+5 SInv}
   (You found it on level 14 of the Dungeon)

   Occasionally, upon striking a foe, it will discharge some electrical energy
   and cause terrible harm.
   It affects your AC (+5).
   It lets you see invisible.
   It lets you go berserk.
Missiles
 b - 35 silver javelins (quivered)
 g - 34 javelins
 D - 11 throwing nets {!f}
 R - 14 curare-tipped darts
Armour
 k - the +0 pair of gloves of Divine Compulsion (worn) {MR+ Str+3 Int+3 Dex+3 SInv}
   (You acquired it on level 5 of the Realm of Zot)

   It affects your strength (+3).
   It affects your intelligence (+3).
   It affects your dexterity (+3).
   It affects your resistance to hostile enchantments.
   It lets you see invisible.
 q - a scarf of resistance (worn)
 H - a +0 tower shield (worn)
 M - the +9 scales of the Dragon King (worn) {rPois rF+ rC+ MR+}
   (You found it on level 4 of a ziggurat)

   It protects you from fire.
   It protects you from cold.
   It protects you from poison.
   It affects your resistance to hostile enchantments.
 S - a +2 pair of boots of flying (worn)
Jewellery
 f - the ring "Veolagg" (right hand) {Wiz Slay+6 Stlth-}
   (You found it in a treasure trove)

   [ring of wizardry]

   It improves your spell success rate.
   It affects your accuracy and damage with ranged weapons and melee attacks
   (+6).
   It makes you less stealthy.
 i - an uncursed ring of positive energy
 s - the ring of Xooluw (left hand) {+Inv rF+ AC+4 Str-4}
   (You found it in a treasure trove)

   [ring of protection]

   It affects your AC (+4).
   It affects your strength (-4).
   It protects you from fire.
   It lets you turn invisible.
 u - the ring of Okawaru's Anger {Str-4 Int+5 Slay+4}
   (You found it in a treasure trove)

   [ring of slaying]

   It affects your strength (-4).
   It affects your intelligence (+5).
   It affects your accuracy and damage with ranged weapons and melee attacks
   (+4).
 J - an uncursed ring of protection from fire
 L - a +4 ring of evasion
 U - the ring "Boweuvurph" {Fire +Blink rPois Int+5 Dex+3}
   (You found it on level 6 of the Lair of Beasts)

   [ring of fire]

   It enhances your fire magic.
   It affects your intelligence (+5).
   It affects your dexterity (+3).
   It protects you from fire.
   It makes you vulnerable to cold.
   It protects you from poison.
   It lets you blink.
 W - an amulet of faith (around neck)
Wands
 w - a wand of paralysis (53)
 x - a wand of acid (33)
 y - a wand of iceblast (28)
 A - a wand of flame (121)
 B - a wand of enslavement (31)
 F - a wand of digging (38)
 I - a wand of disintegration (40)
 N - a wand of clouds (5)
 Y - a wand of polymorph (9)
Scrolls
 c - 21 scrolls of remove curse {@r4}
 e - a scroll of silence
 h - 6 scrolls of fear
 m - 2 scrolls of fog
 p - a scroll of holy word
 Q - 2 scrolls of magic mapping
 X - 11 scrolls of identify {@r3}
 Z - 2 scrolls of summoning
Potions
 l - a potion of resistance
 n - 9 potions of stabbing
 z - 4 potions of ambrosia
 C - 5 potions of invisibility
 G - 10 potions of curing {@q2}
 O - a potion of mutation
 T - 9 potions of cancellation
 V - 8 potions of heal wounds {@q1}
Miscellaneous
 j - a phial of floods
 v - a tin of tremorstones (3/3)
 E - 2 boxes of beasts
 K - a phantom mirror
 P - a lightning rod (4/4)
Comestibles
 d - 88 rations

.....≈........#.#.#.##.#
..)..≈........#.^......#
####)#....#.#...#.#.####
####'#......#.......#
..........#....####.#
..........#...## #.#####
..........#.###♣#♣#.)...#
.........##.###.♣.#####.#
.........##.##P#@#P#....#
##########.####P.P##.####
#.....# #P♣.♣P#...#
#.....# #♣...♣#.###
#.....# #.....#.#
###.....# #.≈8≈.#.#
#.......# #.≈≈≈.#.#
#.#.....# #.≈#≈.#.#
#.#.....# #'###'#.#


There were no monsters in sight!

Vanquished Creatures
  10 orbs of fire
  Mara (Spider:4)
  5 ancient liches
  2 pandemonium lords
  5 Killer Klowns
  Bai Suzhen (Spider:4)
  4 curse toes
  Nikola (Shoals:2)
  5 golden dragons
  2 bone dragons (Depths:5)
  5 electric golems
  A Tzitzimitl (D:14)
  An Ice Fiend (D:8)
  20 tentacled monstrosities
  Rupert (Orc:2)
  The ghost of Wakhat the Tortoise, an adept MiFi of the Shining One (Vaults:4)
  28 Orb Guardians
  3 deep elf blademasters
  4 deep elf master archers (Elf:3)
  8 quicksilver dragons
  A lich (Vaults:4)
  6 titans (Vaults:5)
  Gastronok (D:8)
  Polyphemus (Shoals:2)
  Asterion (Spider:4)
  A kraken (Shoals:4)
  3 sphinxes
  Frances (D:13)
  Kirke (Spider:1)
  2 ancient champions
  12 tengu reavers
  10 death cobs
  Donald (Vaults:4)
  18 shadow dragons
  12 draconian monks
  20 storm dragons
  Ilsuiw (Shoals:2)
  A daeva (D:14)
  8 frost giants
  Louise (D:15)
  9 draconian knights
  6 fire giants
  The ghost of Lymofoloam the Severer, a journeyman DDFi of Makhleb (D:15)
  15 deep elf sorcerers
  14 vault wardens
  2 iron dragons (Vaults:5)
  6 emperor scorpions (Spider:4)
  6 draconian scorchers
  4 deep elf elementalists (Elf:3)
  2 cacodemons
  9 ghost moths
  10 draconian shifters
  A ghoul (Vaults:2)
  2 balrugs (Depths:2)
  A spriggan defender (Depths:5)
  6 draconian annihilators
  10 ironheart preservers
  22 stone giants
  10 draconian stormcallers
  3 large abominations (Vaults:5)
  9 entropy weavers
  2 war gargoyles (Vaults:5)
  23 very ugly things
  A blood saint (Depths:2)
  The ghost of Avur the Severer, a journeyman MiWn of Okawaru (Lair:6)
  3 vampire knights
  5 deep elf demonologists
  13 deep elf annihilators
  14 green draconians
  12 yellow draconians
  17 purple draconians
  14 black draconians
  A lorocyproca (D:2)
  16 red draconians
  8 spark wasps
  Azrael (D:15)
  14 white draconians
  A minotaur (Shoals:3)
  A green death (D:12)
  6 merfolk impalers
  4 merfolk javelineers
  9 deep elf death magi
  12 ettins
  14 ogre magi
  10 fire dragons
  4 deep elf high priests
  Josephine (D:13)
  7 ice dragons
  13 great orbs of eyes
  13 yaktaur captains
  3 hydras
  24 vault guards (Vaults:5)
  Erolcha (Orc:2)
  4 merfolk avatars
  4 spriggan air magi
  5 rakshasas
  4 catoblepae
  3 merfolk aquamancers
  An alligator snapping turtle (Shoals:4)
  9 deep troll shamans
  2 satyrs (Shoals:3)
  27 dancing weapons
  4 death knights
  10 centaur warriors
  3 tengu warriors
  44 two-headed ogres
  8 death yaks
  6 deep troll earth magi
  2 vampire magi
  Urug (D:13)
  5 sun demons
  An orc high priest (Elf:3)
  3 spriggans (Depths:5)
  4 small abominations (Vaults:5)
  Nergalle (Orc:2)
  A hell knight (Depths:5)
  4 spriggan berserkers
  6 skeletal warriors
  6 sixfirhies
  3 iron trolls
  2 shadow wraiths (Vaults:5)
  11 deep elf knights
  39 slime creatures
  An unseen horror (shapeshifter) (Elf:2)
  15 sea snakes
  An unseen horror (D:12)
  20 deep trolls
  3 flayed ghosts
  A wizard (Vaults:2)
  A gelid demonspawn (Depths:2)
  3 glowing orange brains
  A swamp dragon (Lair:6)
  An orange crystal statue (Zig:1)
  10 deep elf archers
  4 phantasmal warriors
  The ghost of Zanta616 the Digger, a novice DDEE (D:5)
  An infernal demonspawn (Depths:2)
  Pikel (D:5)
  7 ironbrand convokers
  A tengu zombie (D:15)
  14 orc knights
  20 harpies
  3 necromancers
  A harpy (shapeshifter) (Depths:4)
  3 obsidian statues
  24 wolf spiders
  22 fauns
  9 orc sorcerers
  52 ugly things
  2 stone giant zombies (D:15)
  61 deep elf magi
  27 orb spiders
  6 cyclopes
  A salamander (shapeshifter) (Vaults:2)
  11 manticores
  A faun (shapeshifter) (Depths:2)
  26 moths of wrath
  2 salamanders (Depths:5)
  7 black mambas
  A moth of wrath (shapeshifter) (Vaults:5)
  7 elephants
  An elephant (shapeshifter) (Vaults:5)
  11 merfolk sirens
  A guardian serpent (shapeshifter) (Depths:4)
  2 spiny frogs (shapeshifter) (Vaults:2)
  2 ice statues
  7 vault sentinels
  5 orange demons
  A guardian serpent (D:9)
  A gargoyle (D:11)
  5 spectral swamp worms (Depths:3)
  7 water nymphs
  12 spiny frogs
  2 hellions
  3 kobold demonologists (D:9)
  4 rime drakes (Lair:6)
  Maggie (D:6)
  2 tengu conjurers (D:15)
  A komodo dragon (shapeshifter) (D:13)
  4 komodo dragons
  A rime drake (shapeshifter) (Vaults:5)
  3 ice devils
  49 yaktaurs
  An efreet (D:15)
  13 demonic crawlers
  9 freezing wraiths
  A hellwing (Depths:5)
  A guardian mummy (D:15)
  A jumping spider (shapeshifter) (Vaults:3)
  2 red devils
  26 merfolk
  A queen bee (Lair:3)
  A harpy zombie (D:15)
  6 meliai
  23 hornets
  9 trolls
  30 jumping spiders
  17 polar bears
  Prince Ribbit (Temple)
  4 tyrant leeches (Spider:4)
  3 wind drakes
  A deep troll zombie (D:15)
  29 blink frogs
  A blink frog (shapeshifter) (Vaults:5)
  10 hippogriffs
  7 snapping turtles
  2 raiju (Depths:1)
  8 dream sheep
  A stone giant simulacrum (Vaults:3)
  A redback (shapeshifter) (Depths:2)
  76 redbacks
  A centaur simulacrum (D:15)
  16 water elementals
  6 vampires
  7 wraiths
  2 shadows
  A ynoxinul (Zot:5)
  A basilisk (Lair:6)
  A spriggan (shapeshifter) (Vaults:2)
  6 fire elementals
  4 wyverns
  2 air elementals
  32 tarantellas
  A human (D:7)
  33 yaks
  5 hogs
  A human (shapeshifter) (Depths:2)
  2 golden eyes (D:14)
  Grum (D:8)
  5 hungry ghosts
  The ghost of PIKKUHERKKO the Chopper, an amateur DsGl (D:6)
  A steam dragon (Lair:6)
  8 vampire mosquitoes (D:14)
  A chaos spawn (D:8)
  2 wargs
  Edmund (D:5)
  A death yak simulacrum (Lair:6)
  7 two-headed ogre zombies (WizLab)
  A hydra simulacrum (Lair:6)
  Duvessa (D:4)
  An acid dragon (shapeshifter) (Depths:1)
  7 acid dragons
  4 water moccasins
  4 hell hounds (D:15)
  9 porcupines
  A floating eye (Depths:4)
  3 black bears
  6 ice beasts
  2 swamp drakes
  A meliai simulacrum (D:14)
  3 eyes of draining
  25 orc warriors
  An ettin simulacrum (Vaults:1)
  5 phantoms
  A sky beast (D:9)
  2 slaves
  3 necrophages
  9 boggarts
  A black mamba simulacrum (Lair:6)
  36 ogres
  30 wolves
  16 centaurs
  13 crocodiles
  A big kobold (shapeshifter) (Vaults:5)
  A big kobold (D:5)
  Blork the orc (D:5)
  21 bullfrogs
  5 earth elementals
  Dowan (D:4)
  2 spiny frog simulacra (Lair:6)
  3 wyvern skeletons
  7 scorpions
  9 troll zombies (WizLab)
  21 killer bees
  9 howler monkeys
  25 wights
  5 crimson imps
  A fire crab simulacrum (Lair:6)
  2 komodo dragon simulacra (Lair:6)
  A quasit (D:13)
  4 centaur zombies
  An iron imp (Depths:1)
  7 jellies
  13 orc priests
  2 bullfrog skeletons
  4 hounds
  39 orc wizards
  3 centaur skeletons
  4 iguanas
  12 worker ants
  7 ogre zombies (WizLab)
  A hound zombie (D:9)
  A hound skeleton (D:8)
  2 worker ant zombies
  3 gnolls
  13 adders
  A howler monkey skeleton (D:9)
  6 shadow imps
  2 oozes
  An adder skeleton (D:8)
  An adder zombie (D:5)
  2 worms
  2 dart slugs (D:1)
  13 leopard geckos
  91 orcs
  2 ball pythons
  A bat (D:1)
  6 giant cockroaches
  7 goblins
  4 hobgoblins
  12 jackals
  4 quokkas
  7 frilled lizards
  16 kobolds
  8 rats
  4 crawling corpses
  A fungus (Lair:4)
  3 tentacles (Shoals:4)
2390 creatures vanquished.

Vanquished Creatures (collateral kills)
  A warg (Orc:2)
  2 orcs (D:14)
3 creatures vanquished.

Vanquished Creatures (others)
  An ancient lich (Zot:5)
  A death cob (Zot:3)
  A white draconian (Zot:5)
  A hell beast (Zig:2)
  A death drake (Zig:3)
  2 deep elf magi
  A redback (Spider:1)
  A wyvern (Zig:3)
  A vampire (D:14)
  A human (Spider:1)
  A slave (D:5)
  An eye of draining (D:15)
  An orc wizard (D:14)
  2 orcs (D:5)
  A bat (D:1)
  A jackal (D:2)
  3 fungi
  15 plants
  4 tentacles (Shoals:4)
  9 withered plants (D:15)
49 creatures vanquished.

Grand Total: 2442 creatures vanquished

Levels and vault maps discovered:
D:1:      tarquinn_simple_flora_water_d, layout_basic,
          chequers_serial_rivers_micro_b, serial_bayou_ford_a,
          lemuel_old_faithful
D:2:      layout_basic, fiery_altar_vehumet
D:3:      layout_loops_ring, first_ration, minmay_diced_spiral
D:4:      layout_cave_pools, uniq_duvessa
D:5:      layout_basic, gammafunk_ghost_nasty_kobolds, hex_medium, uniq_edmund,
          uniq_pikel, uniq_blork_the_orc
D:6:      layout_rooms, marbit_many_paths, regret_index_temple_of_mockery,
          minmay_temple_entry_metal_lava, ebering_ghost_rock_garden,
          uniq_prince_ribbit1, uniq_maggie
D:7:      layout_basic, lemuel_round_altar, grunt_livestock
D:8:      kennysheep_ambush_hall, layout_basic, kennysheep_mini,
          lair_entry_dummy, uniq_grum, uniq_gastronok
D:9:      gammafunk_wand_slinger, layout_irregular_city,
          nrook_guardian_serpent_ordinary
D:10:     lemuel_ice_statue, layout_cave_pods, serial_glass, glass_columns_c,
          glass_columns_b, glass_columns_b, glass_columns_b,
          corexii_leaking_fountain
D:11:     layout_grid_maze, orc_0_dummy
D:12:     layout_loops_corners, drop_trap
D:13:     layout_roguey, uniq_frances, uniq_urug, uniq_josephine
D:14:     minmay_guarded_unrand_guard, layout_loops_corners, david_vaults_2,
          solitary_fountain, einodemon_barbed_minivault
D:15:     gammafunk_depths_entry_grave, layout_stronghold,
          chequers_serial_rivers_small_a, ebering_ghost_disaster_area,
          moated_statue, nicolae_ashenzari_panopticon, uniq_azrael, uniq_louise
Temple:   eino_temple_rhombus
Lair:1:   layout_cave_pods, serial_bayou_crossing
Lair:2:   layout_layer_cave, spider_nest_entry_webs, lemuel_fruit_fields
Lair:3:   layout_long_grid, minmay_shoals_entry_centaurs, special_room
          [special_room_bee]
Lair:4:   layout_cave_pods, st_stairs_8, lemuel_fruit_fields
Lair:5:   layout_misc_corridors
Lair:6:   guppyfry_lair_end_dragon, layout_regular_city,
          minmay_slime_entry_oklob_open, gammafunk_ghost_icy,
          nicolae_lair_yak_garden, lemuel_fruit_tree, infiniplex_staircase_pool
Shoals:1: cheibrodos_shoals_baths, layout_shoals, uniq_roxanne
Shoals:2: layout_shoals, uniq_polyphemus, uniq_ilsuiw, uniq_nikola
Shoals:3: layout_shoals, regret_index_shoals_crete
Shoals:4: shoals_end_hangedman, layout_shoals
Spider:1: layout_spider_delve, uniq_kirke
Spider:2: layout_spider_delve
Spider:3: layout_chambers
Spider:4: guppyfry_spider_rune, hangedman_stitches_earthworm, uniq_mara,
          uniq_asterion, uniq_bai_suzhen
Orc:1:    layout_caves, serial_shops, shop
Orc:2:    kennysheep_orc_mage_school, layout_diamond_mine, basic_altar,
          portal_ice_cave_demonic_guard, uniq_rupert
Elf:1:    minmay_elf_arrival_plus, layout_loops_corners, serial_shops, shop,
          minmay_elf_sorcery
Elf:2:    layout_geoelf_diagonals, basic_altar
Elf:3:    minmay_elf_hall_four_x, layout_gridlike, serial_sigils,
          serial_sigils_hangedman_leer, serial_sigils_hangedman_gut,
          serial_sigils_hangedman_scratch, serial_sigils_hangedman_gut,
          serial_sigils_hangedman_gnaw, serial_sigils_hangedman_scar
Vaults:1: hangedman_vaults_capsules, ontoclasm_vaults_twist,
          vaults_room_stairs_pillars, st_lines, grunt_vaults_diagonal,
          vaults_room_hallway, nicolae_vaults_three_branches,
          layout_vaults_chaotic_city
Vaults:2: v_misc_2, v_misc_14, v_rooms_3, v_misc_10, hangedman_vaults_cutoff,
          minmay_crypt_entry_simple_plaza, ontoclasm_vaults_loading_screen,
          vaults_door_vault, hangedman_vaults_corner_blocks, v_misc_17,
          v_misc_33, vaults_dpeg_diagonal, vaults_room_pool,
          layout_vaults_omnibox, serial_shops, shop_statue, shop, enter_trove_2
Vaults:3: vaults_room_stairs_pillars, v_misc_18, v_pattern_2,
          grunt_vaults_hallway_long, nicolae_vaults_diagonal_hallway_8,
          hangedman_vaults_maws, vaults_dpeg_encased_lava,
          layout_vaults_omnigrid, mu_enter_wizlab_1, uniq_margery
Vaults:4: ebering_vaults_ghost_inner_flame, hangedman_vaults_hat,
          vaults_room_hallway, grunt_vaults_swirl, v_alt_pattern_6,
          nicolae_vaults_twisting_passages, nicolae_vaults_hallways_thing,
          hangedman_vaults_slice, vaults_room_pools, v_misc_12,
          ontoclasm_vaults_gateway, ontoclasm_vaults_shuriken,
          nicolae_vaults_little_ls, layout_vaults_omnicross, uniq_donald
Vaults:5
Depths:1: minmay_shoctagon, layout_cave_pools, enter_ziggurat_d,
          grunt_hell_entry_dis_grunt, library_closet, hex_tiny,
          skrybe_limestone_x, nicolae_wwwww, guppyfry_shop_earth,
          serial_bayou_shore_a
Depths:2: evilmike_silver_temple, layout_gridlike, lightli_too_deep,
          grunt_decor_fettered, chequers_serial_rivers_micro_c, minivault_16
Depths:3: gammafunk_sealed_library, layout_small_grid, patterned_corridor,
          pf_hell_entry_tar_river, abyss_entry, rand_demon_pan_entry_4,
          infiniplex_staircase_zigzag_5
Depths:4: kennysheep_spiral_hall, layout_cave_pools, hell_entry, abyss_entry,
          minmay_fountain_box
Depths:5: grunt_crosshair, layout_basic, serial_shops, shop,
          nicolae_benzene_ring, hellmouth_1, abyss_entry, grunt_decor_cap
Zot:1:    layout_cathedral_of_symmetry, grunt_ministairs_5
Zot:2:    layout_concentric_octagons, hangedman_spider_trapstep, lemuel_elevator
Zot:3:    layout_cellular_growth, chequers_guarded_unrand_mask_of_the_dragon,
          grunt_megastairs_3
Zot:4:    layout_basic, basic_altar, ebering_ghost_reflecting_pool
Zot:5:    layout_twisted_circle, st_stairs_6


Message History

You kill the lorocyproca!
Your Fighting skill increases to level 22!
Uskayaw will force your foes to share their pain.
No target in view!
(D) Dungeon (T) Temple (L) Lair (A) Shoals (N) Spider Nest (M) Slime Pits (O) Orcish Mines (E) Elven Halls (V) Vaults (C) Crypt (U) Depths (H) Hell (Z) Zot
Where to? (Enter - D:1 @ (x,y), ? - help)
You can no longer pass through a line of other dancers.
You see here a +0 ring mail.
You see here a cursed +0 dagger.
HP restored.
There is a stone staircase leading up here.
You climb upwards.
There is a stone staircase leading down here.
There is an open door here.
There is an open door here.
There is a staircase leading out of the dungeon here.
You have escaped!

Notes
Turn   | Place    | Note
-------+----------+-------------------------------------------
     0 | D:1      | bmfx the Formicid Gladiator began the quest for the Orb.
     0 | D:1      | Reached XP level 1. HP: 16/16 MP: 1/1
   304 | D:1      | Reached XP level 2. HP: 21/23 MP: 2/2
   750 | D:1      | Reached XP level 3. HP: 29/29 MP: 3/3
  1362 | D:2      | Found a radiant altar of Vehumet.
  1391 | D:2      | Reached XP level 4. HP: 35/35 MP: 4/4
  2292 | D:3      | Reached XP level 5. HP: 35/42 MP: 5/5
  3071 | D:4      | Reached XP level 6. HP: 48/49 MP: 6/6
  3305 | D:4      | Reached skill level 5 in Fighting
  3305 | D:4      | Reached skill level 5 in Polearms
  3383 | D:4      | Noticed Duvessa
  3417 | D:4      | Killed Duvessa
  3417 | D:4      | Reached XP level 7. HP: 33/56 MP: 7/7
  3772 | D:4      | Noticed Dowan
  4098 | D:4      | You fall into a shaft and drop 1 floor!
  4098 | D:5      | Entered Level 5 of the Dungeon
  4569 | D:5      | Noticed Edmund
  4642 | D:4      | Killed Dowan
  5034 | D:5      | Killed Edmund
  5034 | D:5      | Reached XP level 8. HP: 65/65 MP: 8/8
  5368 | D:5      | Noticed Pikel
  5383 | D:5      | Killed Pikel
  5383 | D:5      | Reached XP level 9. HP: 55/74 MP: 9/9
  5470 | D:5      | Noticed Zanta616's ghost (novice DDEE)
  5473 | D:5      | Found a runed translucent gate.
  5473 | D:5      | Found a runed translucent gate.
  5473 | D:5      | Found a runed translucent gate.
  5487 | D:5      | Noticed Blork the orc
  5496 | D:5      | Killed Blork the orc
  6341 | D:6      | Found a runed translucent gate.
  6341 | D:6      | Found a runed translucent gate.
  6341 | D:6      | Found a runed translucent gate.
  6391 | D:6      | Noticed Maggie
  6436 | D:6      | Killed Maggie
  6522 | D:6      | Reached skill level 10 in Polearms
  6578 | D:6      | Noticed Prince Ribbit
  6898 | D:6      | Found a hazy altar of Hepliaklqana.
  6899 | D:6      | Found a shimmering altar of Xom.
  6900 | D:6      | Noticed a spectral ugly thing
  6978 | D:6      | Noticed PIKKUHERKKO's ghost (amateur DsGl)
  7060 | D:6      | Found a staircase to the Ecumenical Temple.
  7069 | Temple   | Entered the Ecumenical Temple
  7248 | Temple   | Became a worshipper of Uskayaw the Reveler
  7335 | D:6      | Reached * piety under Uskayaw
  7424 | D:6      | Found a blossoming altar of Fedhas.
  7532 | D:7      | Reached ** piety under Uskayaw
  7590 | D:7      | Found a sacrificial altar of Ru.
  7622 | D:7      | Reached XP level 10. HP: 79/79 MP: 10/10
  7871 | D:7      | Reached *** piety under Uskayaw
  8438 | D:7      | Reached skill level 1 in Invocations
  9181 | D:8      | Found an ancient bone altar of Kikubaaqudgha.
  9345 | D:8      | Reached **** piety under Uskayaw
  9346 | D:8      | Reached skill level 5 in Invocations
  9352 | D:8      | Reached ***** piety under Uskayaw
  9373 | D:8      | Reached ****** piety under Uskayaw
  9384 | D:8      | Reached skill level 1 in Armour
  9897 | D:8      | Reached XP level 11. HP: 79/85 MP: 15/15
 10085 | D:8      | Found a staircase to the Lair.
 10087 | D:8      | Noticed Gastronok
 10231 | D:8      | Reached skill level 5 in Armour
 10316 | D:8      | Noticed Grum
 10345 | D:8      | Killed Grum
 11277 | D:9      | Found a transporter.
 11290 | D:9      | Noticed a deep elf knight
 11293 | D:9      | Noticed a deep elf knight
 11551 | D:9      | Noticed a two-headed ogre
 11556 | D:9      | Reached skill level 1 in Evocations
 11679 | D:9      | You fall into a shaft and drop 3 floors!
 11952 | D:12     | Noticed a two-headed ogre
 11954 | D:12     | Noticed a deep elf mage
 11961 | D:12     | Killed a two-headed ogre
 11961 | D:12     | Reached skill level 5 in Dodging
 11967 | D:12     | Killed a deep elf mage
 12092 | D:12     | Noticed a two-headed ogre
 12129 | D:13     | Noticed Josephine
 12396 | D:10     | Entered Level 10 of the Dungeon
 12693 | D:10     | Got a pair of faintly glowing gloves
 12704 | D:10     | Identified the +2 pair of gloves "Aquethrasm" {Dex+2} (You
                  | found it on level 10 of the Dungeon)
 13571 | D:11     | Reached skill level 5 in Evocations
 13681 | D:11     | Found a staircase to the Orcish Mines.
 13984 | D:11     | You fall into a shaft and drop 3 floors!
 13984 | D:14     | Found the +8 glaive of the Guard {elec, +Rage AC+5 SInv}
 13987 | D:14     | Noticed an orc knight
 13988 | D:14     | Noticed a fire dragon
 13990 | D:14     | You fall into a shaft and drop 1 floor!
 13990 | D:15     | Entered Level 15 of the Dungeon
 13990 | D:15     | Noticed a white ugly thing
 13990 | D:15     | Noticed a white ugly thing
 13990 | D:15     | Noticed a white ugly thing
 14014 | D:15     | Killed a brown ugly thing
 14014 | D:15     | Reached XP level 12. HP: 71/93 MP: 16/16
 14451 | D:15     | Noticed a tengu warrior
 14464 | D:15     | Killed a tengu warrior
 14513 | D:15     | Noticed a seven-headed hydra
 14516 | D:15     | Found a shattered altar of Ashenzari.
 14563 | D:14     | Reached skill level 1 in Shields
 14625 | D:14     | Noticed a two-headed ogre
 14625 | D:14     | Noticed a two-headed ogre
 14625 | D:14     | Noticed an ogre mage
 14653 | D:14     | Killed a two-headed ogre
 14656 | D:14     | Killed a two-headed ogre
 14756 | D:14     | Killed an ogre mage
 14768 | D:14     | Noticed a two-headed ogre
 14770 | D:14     | Killed a two-headed ogre
 14777 | D:13     | Noticed a centaur warrior
 14782 | D:13     | Killed a centaur warrior
 14827 | D:13     | Noticed Frances
 14946 | D:14     | Reached XP level 13. HP: 93/98 MP: 19/19
 14984 | D:14     | Noticed a yaktaur captain
 15004 | D:14     | Killed a yaktaur captain
 15395 | D:12     | Reached skill level 15 in Polearms
 15726 | D:9      | Found a transporter.
 16278 | D:5      | Killed Zanta616's ghost
 16413 | D:6      | Killed PIKKUHERKKO's ghost
 16516 | D:8      | Found a staircase to the Lair.
 16538 | D:8      | Killed Gastronok
 16559 | Lair:1   | Entered Level 1 of the Lair of Beasts
 17837 | Lair:2   | You fall into a shaft and drop 2 floors!
 18519 | Lair:2   | Reached XP level 14. HP: 105/105 MP: 20/20
 18552 | Lair:2   | Got a faintly glowing war axe
 18553 | Lair:2   | Identified the +5 war axe of Kismet {antimagic, rElec MR++
                  | Dex+5} (You found it on level 2 of the Lair of Beasts)
 18892 | Lair:2   | Found a hole to the Spider Nest.
 19811 | Lair:3   | Found a staircase to the Shoals.
 21796 | Lair:6   | Entered Level 6 of the Lair of Beasts
 22242 | Lair:6   | Found a staircase to the Slime Pits.
 22357 | Lair:6   | Reached XP level 15. HP: 110/110 MP: 21/21
 22586 | Lair:6   | Found a runed translucent gate.
 22586 | Lair:6   | Found a runed translucent gate.
 22586 | Lair:6   | Found a runed translucent gate.
 22889 | Lair:6   | Noticed Avur's ghost (journeyman MiWn)
 22934 | Lair:6   | Killed Avur's ghost
 22992 | Lair:6   | Got the ring "Boweuvurph" {Fire}
 22997 | Lair:6   | Identified the ring "Boweuvurph" {Fire +Blink rPois Int+5
                  | Dex+3} (You found it on level 6 of the Lair of Beasts)
 23489 | Temple   | Killed Prince Ribbit
 24980 | D:13     | Killed Josephine
 25322 | D:13     | Noticed Urug
 25336 | D:13     | Killed Urug
 25686 | D:13     | Killed Frances
 25686 | D:13     | Reached skill level 10 in Invocations
 25783 | D:14     | Noticed a storm dragon
 26286 | D:14     | Noticed a stone giant
 26305 | D:14     | Killed a stone giant
 26396 | D:14     | Found a gate to the Vaults.
 26556 | D:14     | Reached XP level 16. HP: 117/120 MP: 23/23
 26796 | D:15     | Noticed Louise
 26843 | D:15     | Killed Louise
 27099 | D:15     | Reached skill level 5 in Shields
 27288 | D:15     | Reached skill level 10 in Fighting
 27400 | D:15     | Found a staircase to the Depths.
 27472 | D:15     | Noticed Azrael
 27480 | D:15     | Killed Azrael
 27710 | D:15     | Found a large runed translucent door.
 27710 | D:15     | Found a large runed translucent door.
 27712 | D:15     | Noticed Lymofoloam's ghost (journeyman DDFi)
 27955 | D:15     | Killed Lymofoloam's ghost
 28115 | Orc:1    | Entered Level 1 of the Orcish Mines
 28170 | Orc:1    | Found Viyll's Food Shop.
 28352 | Orc:2    | Entered Level 2 of the Orcish Mines
 28352 | Orc:2    | Found a roughly hewn altar of Beogh.
 28384 | Orc:2    | Found a frozen archway.
 28395 | Orc:2    | Reached skill level 10 in Shields
 28405 | IceCv    | Entered an ice cave
 28811 | IceCv    | Noticed a frost giant
 28825 | IceCv    | Killed a frost giant
 29622 | Orc:2    | Noticed Rupert
 29640 | Orc:2    | Killed Rupert
 29640 | Orc:2    | Reached XP level 17. HP: 130/131 MP: 24/24
 29659 | Orc:2    | Found a staircase to the Elven Halls.
 29992 | Orc:2    | Found Evaalia's Antique Weapon Emporium.
 30043 | Orc:2    | Found a radiant altar of Vehumet.
 30043 | Orc:2    | Noticed Erolcha
 30052 | Orc:2    | Killed Erolcha
 30061 | Orc:2    | Noticed Nergalle
 30072 | Orc:2    | Killed Nergalle
 30099 | Orc:2    | Found an ancient bone altar of Kikubaaqudgha.
 30115 | Orc:2    | Found Byfig's Book Shoppe.
 30156 | Orc:2    | Found a roughly hewn altar of Beogh.
 30156 | Orc:2    | Found Pud Heum's Distillery.
 30165 | Orc:2    | Found Biam's Magic Scroll Emporium.
 30188 | Orc:2    | Bought a potion of heal wounds for 80 gold pieces
 30188 | Orc:2    | Bought a potion of heal wounds for 80 gold pieces
 30188 | Orc:2    | Bought a potion of heal wounds for 80 gold pieces
 30188 | Orc:2    | Bought a potion of curing for 48 gold pieces
 30188 | Orc:2    | Bought a potion of cancellation for 128 gold pieces
 30202 | Orc:2    | Bought a scroll of acquirement for 624 gold pieces
 30507 | Spider:1 | Entered Level 1 of the Spider Nest
 31224 | Spider:1 | Noticed Kirke
 31237 | Spider:1 | Killed Kirke
 32028 | Spider:2 | Reached skill level 15 in Fighting
 32787 | Spider:3 | Reached XP level 18. HP: 149/149 MP: 25/25
 32988 | Spider:3 | Got a fine ring mail
 33016 | Spider:3 | Identified the +3 ring mail of Cheibriados's Delight {rF+
                  | SInv} (You found it on level 3 of the Spider Nest)
 33073 | Spider:3 | Got a distressingly furry ring mail
 33084 | Spider:3 | Identified the +4 ring mail "Oprut" {Harm rF+ MP+9 Dex-2}
                  | (You found it on level 3 of the Spider Nest)
 33174 | Spider:3 | Got a fading scale mail
 33185 | Spider:3 | Identified the +9 scale mail of a bailey {Regen+ rCorr
                  | Dex-3 SInv} (You found it on level 3 of the Spider Nest)
 33315 | Spider:3 | Identified Sif Muna's Papyrus of Burning Arcane Weapons
 33625 | Spider:4 | Entered Level 4 of the Spider Nest
 33625 | Spider:4 | Noticed Asterion
 33635 | Spider:4 | Killed Asterion
 33660 | Spider:4 | Noticed Mara
 33675 | Spider:4 | Killed Mara
 34062 | Spider:4 | Identified the Papyrus of Sinister Translocation
 34288 | Spider:4 | Got an ancient leather armour
 34313 | Spider:4 | Identified the cursed +0 leather armour of Bov Maco {rN+}
                  | (You found it on level 4 of the Spider Nest)
 34471 | Spider:4 | Reached skill level 15 in Shields
 34727 | Spider:4 | Got a gossamer rune of Zot
 34981 | Spider:4 | Reached skill level 10 in Armour
 35476 | Spider:4 | Noticed Bai Suzhen
 35670 | Shoals:1 | Entered Level 1 of the Shoals
 35875 | Shoals:1 | Reached XP level 19. HP: 155/155 MP: 26/26
 36260 | Shoals:1 | Identified Roxanne's Disquisition on Moulding
 36260 | Shoals:1 | Noticed Roxanne
 36927 | Shoals:2 | Noticed Ilsuiw
 36954 | Shoals:2 | Killed Ilsuiw
 37201 | Shoals:2 | Noticed Polyphemus
 37239 | Shoals:2 | Killed Polyphemus
 37320 | Shoals:2 | Noticed Nikola
 37334 | Shoals:2 | Killed Nikola
 38020 | Shoals:3 | Reached skill level 15 in Armour
 38476 | Shoals:3 | Found a hide-covered altar of Uskayaw.
 39063 | Shoals:4 | Entered Level 4 of the Shoals
 39103 | Shoals:4 | Reached XP level 20. HP: 162/162 MP: 27/27
 39253 | Shoals:4 | Reached skill level 10 in Dodging
 39755 | Shoals:4 | Got a barnacled rune of Zot
 40227 | Shoals:4 | Found the +7 Spriggan's Knife {stab, EV+4 Stlth+}
 40782 | Vaults:1 | Entered Level 1 of the Vaults
 41918 | Vaults:1 | Noticed a Tzitzimitl
 42360 | Vaults:2 | Found the ring of the Octopus King
 42367 | Vaults:2 | Got a ring of the Octopus King
 42376 | Vaults:2 | Found a huge runed gate.
 42376 | Vaults:2 | Found a huge runed gate.
 42376 | Vaults:2 | Found a huge runed gate.
 42376 | Vaults:2 | Found a huge runed gate.
 42376 | Vaults:2 | Found a huge runed gate.
 42376 | Vaults:2 | Found a huge runed gate.
 42376 | Vaults:2 | Found a huge runed gate.
 42377 | Vaults:2 | Found a huge runed gate.
 42377 | Vaults:2 | Found a huge runed gate.
 42377 | Vaults:2 | Found a huge runed gate.
 42384 | Vaults:2 | Found a huge runed gate.
 42384 | Vaults:2 | Found a huge runed gate.
 42384 | Vaults:2 | Found a huge runed gate.
 42384 | Vaults:2 | Found a huge runed gate.
 42384 | Vaults:2 | Found a huge runed gate.
 42384 | Vaults:2 | Found a huge runed gate.
 42384 | Vaults:2 | Found a huge runed gate.
 42385 | Vaults:2 | Found a huge runed gate.
 42386 | Vaults:2 | Found a huge runed gate.
 42411 | Vaults:2 | Found a staircase to the Crypt.
 42426 | Vaults:2 | Reached skill level 10 in Evocations
 42470 | Vaults:2 | Found a portal to a secret trove of treasure.
 42522 | Vaults:2 | Reached XP level 21. HP: 146/168 MP: 27/29
 42604 | Vaults:2 | Identified a ring of the Octopus King {AC+1 EV+1 Str+1
                  | Int+1 Dex+1 SInv} (You found it on level 2 of the Vaults)
 42814 | Vaults:2 | Found Qibujoej's Magic Scroll Shop.
 42821 | Vaults:2 | Bought a scroll of enchant armour for 120 gold pieces
 42821 | Vaults:2 | Bought a scroll of summoning for 152 gold pieces
 42993 | Vaults:2 | Found Yfuqy's Distillery.
 43001 | Vaults:2 | Bought 2 potions of curing for 102 gold pieces
 43001 | Vaults:2 | Bought a potion of curing for 51 gold pieces
 43001 | Vaults:2 | Bought a potion of heal wounds for 85 gold pieces
 43001 | Vaults:2 | Bought a potion of heal wounds for 85 gold pieces
 43001 | Vaults:2 | Bought a potion of invisibility for 136 gold pieces
 43051 | Vaults:2 | Found a huge runed gate.
 43051 | Vaults:2 | Found a huge runed gate.
 43051 | Vaults:2 | Found a huge runed gate.
 43052 | Vaults:2 | Found a huge runed gate.
 43052 | Vaults:2 | Found a huge runed gate.
 43052 | Vaults:2 | Found a huge runed gate.
 43052 | Vaults:2 | Found a huge runed gate.
 43052 | Vaults:2 | Found a huge runed gate.
 43052 | Vaults:2 | Found a huge runed gate.
 43059 | Vaults:2 | Found a huge runed gate.
 43059 | Vaults:2 | Found a huge runed gate.
 43059 | Vaults:2 | Found a huge runed gate.
 43059 | Vaults:2 | Found a huge runed gate.
 43059 | Vaults:2 | Found a huge runed gate.
 43059 | Vaults:2 | Found a huge runed gate.
 43059 | Vaults:2 | Found a huge runed gate.
 43060 | Vaults:2 | Found a huge runed gate.
 43686 | Vaults:3 | Found a magical portal.
 43691 | WizLab   | Entered Zonguldrok's Shrine
 44089 | WizLab   | Noticed an antique lich
 44101 | WizLab   | Killed an antique lich
 44165 | WizLab   | Found the +9 sword of Zonguldrok {reap}
 44198 | WizLab   | Identified Myfiquin's Catalogue of Good Luck and the
                  | Frostbite
 46293 | Vaults:4 | Reached skill level 15 in Invocations
 46449 | Vaults:4 | Reached XP level 22. HP: 134/175 MP: 33/33
 46958 | Vaults:4 | Noticed Donald
 46969 | Vaults:4 | Killed Donald
 47319 | Vaults:4 | Found a runed translucent door.
 47532 | Vaults:4 | Noticed Wakhat's ghost (adept MiFi)
 47567 | Vaults:4 | Killed Wakhat's ghost
 47784 | Depths:1 | Entered Level 1 of the Depths
 48001 | Depths:1 | Found the +8 arc blade {discharge, rElec}
 48007 | Depths:1 | Identified the +2 storm dragon scales of the Thistle {rElec
                  | rC+ Stlth+} (You found it on level 1 of the Depths)
 48023 | Depths:1 | Found a gateway to a ziggurat.
 48158 | Depths:1 | Found Faacu's Pet Rocks.
 48578 | Depths:1 | Found a gateway to Hell.
 48762 | Depths:2 | Reached XP level 23. HP: 169/181 MP: 36/36
 49861 | Depths:3 | You fall into a shaft and drop 1 floor!
 50065 | Depths:3 | Found a one-way gate to the infinite horrors of the Abyss.
 50151 | Depths:3 | Found a one-way gate leading to the halls of Pandemonium.
 50488 | Depths:3 | Found a transporter.
 50489 | Depths:3 | Found a radiant altar of Vehumet.
 51609 | Depths:4 | Reached XP level 24. HP: 153/188 MP: 37/37
 52032 | Depths:5 | Entered Level 5 of the Depths
 52290 | Depths:5 | Found Mowoe's Distillery.
 52304 | Depths:5 | Bought 2 potions of might for 160 gold pieces
 52304 | Depths:5 | Bought a potion of curing for 60 gold pieces
 52304 | Depths:5 | Bought 2 potions of curing for 120 gold pieces
 52304 | Depths:5 | Bought a potion of cancellation for 160 gold pieces
 52304 | Depths:5 | Bought 2 potions of cancellation for 320 gold pieces
 52304 | Depths:5 | Bought a potion of resistance for 200 gold pieces
 52304 | Depths:5 | Bought a potion of curing for 60 gold pieces
 52304 | Depths:5 | Bought a potion of curing for 60 gold pieces
 52469 | Depths:5 | Identified the +7 demon blade "Tormentor" {vamp, MR++ Int-3
                  | Dex+10 SInv}
 52878 | Depths:5 | Found a gate to the Realm of Zot.
 54016 | Elf:1    | Entered Level 1 of the Elven Halls
 54538 | Elf:1    | Found Jierghim's Antique Armour Shop.
 54603 | Elf:1    | Bought a faintly humming chain mail for 237 gold pieces
 54603 | Elf:1    | Identified the +6 chain mail "Wyefuss" {+Inv} (You bought
                  | it in a shop on level 1 of the Elven Halls)
 54604 | Elf:1    | Bought a slimy ring mail for 225 gold pieces
 54604 | Elf:1    | Identified the cursed +1 ring mail of the Apothecary
                  | {rElec} (You bought it in a shop on level 1 of the Elven
                  | Halls)
 55168 | Elf:1    | Identified Osoqeno's Handbook of Conjuration and Summoning
 55293 | Elf:2    | Found a shimmering altar of Xom.
 55376 | Elf:2    | Found a runed translucent gate.
 55376 | Elf:2    | Found a runed translucent gate.
 55376 | Elf:2    | Found a runed translucent gate.
 55618 | Elf:2    | Reached XP level 25. HP: 201/201 MP: 37/37
 56229 | Elf:3    | Entered Level 3 of the Elven Halls
 57213 | Elf:3    | Identified the +7 great sword of Qemey {venom, +Fly MR-
                  | Dex+2}
 57235 | Elf:3    | Identified the ring of Grontol {Fire MR+ Str+3 Int+3}
 57238 | Elf:3    | Identified the +4 flail of Ferchall {freeze, Fragile rN+
                  | Int+7}
 57335 | Elf:3    | Identified Ocaosake's Incunabulum of Transmigration
 57375 | Elf:3    | Identified the Collected Works on the Flying Arsonist
 57786 | Vaults:5 | Entered Level 5 of the Vaults
 57792 | Vaults:5 | Reached XP level 26. HP: 148/218 MP: 37/37
 58053 | Vaults:5 | Identified the +7 scimitar "Qegomm" {elec, *Corrode rPois
                  | rF- Dex+9}
 58139 | Vaults:5 | Found Lifeithruc's Distillery.
 58139 | Vaults:5 | Found Axtovuim's Food Shoppe.
 58143 | Vaults:5 | Bought a potion of heal wounds for 95 gold pieces
 58143 | Vaults:5 | Bought a potion of heal wounds for 95 gold pieces
 58143 | Vaults:5 | Bought a potion of heal wounds for 95 gold pieces
 58143 | Vaults:5 | Bought 2 potions of heal wounds for 190 gold pieces
 58143 | Vaults:5 | Bought a potion of resistance for 190 gold pieces
 58576 | Vaults:5 | Found Uttobiaq's Magic Scroll Shop.
 58591 | Vaults:5 | Reached skill level 5 in Throwing
 58621 | Vaults:5 | Bought a scroll of enchant armour for 142 gold pieces
 58621 | Vaults:5 | Bought a scroll of fog for 38 gold pieces
 58711 | Vaults:5 | Reached XP level 27. HP: 212/224 MP: 37/37
 59029 | Vaults:5 | Got a silver rune of Zot
 59071 | Vaults:5 | Identified the Incunabulum of Floating Moulding
 59287 | Vaults:5 | Identified the Handbook of Air and Evil
 59290 | Vaults:5 | Identified the +4 mace "Goreyfom" {vorpal, *Contam rPois
                  | rF+ rN+ MP+9}
 59307 | Vaults:5 | Reached skill level 10 in Throwing
 59345 | Vaults:5 | Identified the cursed +1 mace of the Beast {speed, rN+}
 59365 | Vaults:5 | Found Reugoif's Weapon Shop.
 59642 | Vaults:5 | Identified the cursed +3 hunting sling of Light {flame,
                  | +Blink rElec Str+3 Dex+4}
 59756 | Vaults:5 | Got a distressingly furry buckler
 59944 | Vaults:5 | p0werm0de: dang that was over quickly
 59944 | Vaults:5 | bmfx: aand my resistances still suck
 59944 | Vaults:5 | bmfx: btw i'm actually proud of myself not dying on this v5
                  | entry
 59944 | Vaults:5 | bmfx: the fight was hard
 59944 | Vaults:5 | bmfx: you came too late to see it tho
 59944 | Vaults:5 | bmfx: i guess i will do zot tomorrow
 59944 | Vaults:5 | bmfx: want to go to sleep with feeling of accomplishment
                  | LUL
 59987 | Vaults:5 | Identified the +0 buckler of the Morning {rCorr} (You found
                  | it on level 5 of the Vaults)
 60003 | Vaults:5 | Identified the ring of the Gloaming {Ice Stlth+}
 60032 | Vaults:5 | Identified the +3 fustibalus of Division {freeze, +Blink
                  | rC+ Str-5} (You found it on level 5 of the Vaults)
 61269 | Zot:1    | Entered Level 1 of the Realm of Zot
 61372 | Zot:1    | Noticed an orb of fire
 61376 | Zot:1    | Gained mutation: You are clumsy. (Dex -2) [an orb of fire]
 61387 | Zot:1    | Gained mutation: You are very clumsy. (Dex -4) [an orb of
                  | fire]
 61394 | Zot:1    | Gained mutation: You are partially covered in thin metallic
                  | scales. (AC +2) [an orb of fire]
 61396 | Zot:1    | Killed an orb of fire
 63125 | Spider:4 | Killed Bai Suzhen
 64926 | Vaults:2 | You paid a toll of a +8 demon trident to enter a treasure
                  | trove
 64927 | Trove    | Entered a treasure trove
 64939 | Trove    | Got a sparkling lapis lazuli ring
 64940 | Trove    | Identified the ring of Okawaru's Anger {Str-4 Int+5 Slay+4}
                  | (You found it in a treasure trove)
 64955 | Trove    | Got an ancient bone ring
 64956 | Trove    | Identified the ring "Ulocs" {Wiz MR+} (You found it in a
                  | treasure trove)
 64961 | Trove    | Got an ancient bronze ring
 64962 | Trove    | Identified the ring "Veolagg" {Wiz Slay+6 Stlth-} (You
                  | found it in a treasure trove)
 64965 | Trove    | Got a clouded turquoise ring
 64966 | Trove    | Identified the ring of Movuv {Wiz rF- Str+3 Int+7} (You
                  | found it in a treasure trove)
 64969 | Trove    | Got a glittering iron amulet
 64970 | Trove    | Identified the amulet of the Butterfly {RegenMP rC+ Str-2
                  | Int+2 Dex+6} (You found it in a treasure trove)
 64974 | Trove    | Got a glittering bone ring
 64975 | Trove    | Identified the ring of Xooluw {+Inv rF+ AC+4 Str-4} (You
                  | found it in a treasure trove)
 64981 | Trove    | Got a shimmering bronze amulet
 64982 | Trove    | Identified the amulet "Toff" {RegenMP *Corrode rC++ MR+
                  | Str-4} (You found it in a treasure trove)
 65206 | Elf:1    | Bought an embroidered cloak for 187 gold pieces
 65438 | Zig:1    | Entered Level 1 of a ziggurat
 65492 | Zig:2    | Entered Level 2 of a ziggurat
 65492 | Zig:2    | Noticed Askuc the pandemonium lord
 65505 | Zig:2    | Killed Askuc the pandemonium lord
 65521 | Zig:3    | Entered Level 3 of a ziggurat
 65543 | Zig:3    | Identified the +7 trident of Ughiub {freeze, rF+ Str+3}
                  | (You found it on level 3 of a ziggurat)
 65545 | Zig:4    | Entered Level 4 of a ziggurat
 65547 | Zig:4    | Found the +9 scales of the Dragon King {rPois rF+ rC+ MR+}
 69555 | Zot:3    | Found a transporter.
 69558 | Zot:3    | Found the +0 mask of the Dragon {MR+ Slay+3 SInv}
 70051 | Zot:3    | Found a transporter.
 71424 | Zot:4    | Found a runed translucent door.
 71425 | Zot:4    | Noticed Vaobirr's ghost (veteran MiFi)
 71900 | Zot:4    | Found a shimmering blue altar of Sif Muna.
 72654 | Zot:5    | Entered Level 5 of the Realm of Zot
 73004 | Zot:5    | Noticed an orb of fire
 73009 | Zot:5    | Gained mutation: Scrolls take you a little longer to read.
                  | [an orb of fire]
 73019 | Zot:5    | Killed an orb of fire
 73249 | Depths:5 | Bought a potion of mutation for 160 gold pieces
 73842 | Depths:3 | Lost mutation: You are partially covered in thin metallic
                  | scales. (AC +2) [potion of mutation]
 73842 | Depths:3 | Lost mutation: You are very clumsy. (Dex -4) [potion of
                  | mutation]
 73842 | Depths:3 | Lost mutation: You are clumsy. (Dex -2) [potion of
                  | mutation]
 73842 | Depths:3 | Gained mutation: You expend magic power (3 MP) to
                  | strengthen your wands. [potion of mutation]
 73842 | Depths:3 | Gained mutation: You have an increased reservoir of magic.
                  | (+10% MP) [potion of mutation]
 73843 | Depths:3 | Lost mutation: Scrolls take you a little longer to read.
                  | [potion of mutation]
 73843 | Depths:3 | Lost mutation: You expend magic power (3 MP) to strengthen
                  | your wands. [potion of mutation]
 73843 | Depths:3 | Lost mutation: You have an increased reservoir of magic.
                  | (+10% MP) [potion of mutation]
 73843 | Depths:3 | Gained mutation: Your spells are a little easier to cast,
                  | but a little less powerful. [potion of mutation]
 73843 | Depths:3 | Gained mutation: You are surrounded by a mild repulsion
                  | field. (EV +2) [potion of mutation]
 74796 | Zot:5    | Identified the +2 ring mail of Immorality {rF- rN++ MP-9
                  | Slay+5} (You found it on level 5 of the Realm of Zot)
 74859 | Zot:5    | Noticed an ancient lich
 74886 | Zot:5    | Killed an ancient lich
 74903 | Zot:5    | Noticed an orb of fire
 74908 | Zot:5    | Noticed a Killer Klown
 74913 | Zot:5    | Gained mutation: Your magical capacity is low. (-10% MP)
                  | [an orb of fire]
 74919 | Zot:5    | Gained mutation: You are frail. (-10% HP) [an orb of fire]
 74920 | Zot:5    | Gained mutation: You are weak. (Str -2) [an orb of fire]
 74922 | Zot:5    | Gained mutation: You are clumsy. (Dex -2) [an orb of fire]
 74926 | Zot:5    | Lost mutation: You are weak. (Str -2) [potion of mutation]
 74926 | Zot:5    | Lost mutation: Your magical capacity is low. (-10% MP)
                  | [potion of mutation]
 74926 | Zot:5    | Lost mutation: You are frail. (-10% HP) [potion of
                  | mutation]
 74926 | Zot:5    | Gained mutation: Your magical capacity is low. (-10% MP)
                  | [potion of mutation]
 74926 | Zot:5    | Gained mutation: You are partially covered in yellow
                  | scales. (AC +2) [potion of mutation]
 74926 | Zot:5    | Gained mutation: You are somewhat resistant to further
                  | mutation. [potion of mutation]
 74929 | Zot:5    | Killed an orb of fire
 74941 | Zot:5    | Killed a Killer Klown
 75075 | Zot:5    | Noticed an orb of fire
 75090 | Zot:5    | Killed an orb of fire
 75122 | Zot:5    | Noticed an orb of fire
 75135 | Zot:5    | Gained mutation: You occasionally shout uncontrollably at
                  | your foes. [an orb of fire]
 75141 | Zot:5    | Killed an orb of fire
 75160 | Zot:5    | Noticed an orb of fire
 75205 | Zot:5    | Noticed an orb of fire
 75206 | Zot:5    | Killed an orb of fire
 75213 | Zot:5    | Killed an orb of fire
 75217 | Zot:5    | Got the +0 pair of gloves of Divine Compulsion {MR+ Str+3
                  | Int+3 Dex+3 SInv}
 75349 | Zot:5    | Noticed a Killer Klown
 75361 | Zot:5    | Killed a Killer Klown
 75570 | Zot:5    | Noticed an orb of fire
 75586 | Zot:5    | Killed an orb of fire
 75598 | Zot:5    | Noticed a Killer Klown
 75599 | Zot:5    | Noticed an orb of fire
 75601 | Zot:5    | Noticed a Killer Klown
 75608 | Zot:5    | Noticed an ancient lich
 75609 | Zot:5    | Noticed an ancient lich
 75610 | Zot:5    | Killed a Killer Klown
 75610 | Zot:5    | Killed an orb of fire
 75849 | Zot:4    | Killed a Killer Klown
 75863 | Zot:4    | Killed an ancient lich
 75901 | Zot:5    | Killed an ancient lich
 76008 | Zot:5    | Noticed an orb of fire
 76015 | Zot:5    | Killed an orb of fire
 76223 | Zot:5    | Noticed a Killer Klown
 76263 | Zot:5    | Killed a Killer Klown
 76446 | Zot:5    | Noticed an ancient lich
 76461 | Zot:5    | Killed an ancient lich
 76819 | Zot:5    | Lost mutation: Your magical capacity is low. (-10% MP)
                  | [potion of mutation]
 76819 | Zot:5    | Lost mutation: You occasionally shout uncontrollably at
                  | your foes. [potion of mutation]
 76819 | Zot:5    | Lost mutation: You are somewhat resistant to further
                  | mutation. [potion of mutation]
 76819 | Zot:5    | Gained mutation: You are very clumsy. (Dex -4) [potion of
                  | mutation]
 76819 | Zot:5    | Gained mutation: You are surrounded by a moderate repulsion
                  | field. (EV +3) [potion of mutation]
 76819 | Zot:5    | Gained mutation: Your skin changes colour to match your
                  | surroundings (Stealth+). [potion of mutation]
 76820 | Zot:5    | Lost mutation: You are surrounded by a moderate repulsion
                  | field. (EV +3) [potion of mutation]
 76820 | Zot:5    | Lost mutation: Your spells are a little easier to cast, but
                  | a little less powerful. [potion of mutation]
 76820 | Zot:5    | Lost mutation: You are surrounded by a mild repulsion
                  | field. (EV +2) [potion of mutation]
 76820 | Zot:5    | Gained mutation: You are partially covered in slimy green
                  | scales. (AC +2) [potion of mutation]
 76820 | Zot:5    | Gained mutation: You are frail. (-10% HP) [potion of
                  | mutation]
 76820 | Zot:5    | Gained mutation: You passively map a small area around you.
                  | [potion of mutation]
 76821 | Zot:5    | Lost mutation: You are frail. (-10% HP) [potion of
                  | mutation]
 76821 | Zot:5    | Gained mutation: You have large cloven feet. [potion of
                  | mutation]
 76821 | Zot:5    | Gained mutation: Your spells are a little easier to cast,
                  | but a little less powerful. [potion of mutation]
 76821 | Zot:5    | Gained mutation: Your mind is acute. (Int +2) [potion of
                  | mutation]
 76822 | Zot:5    | Lost mutation: You have large cloven feet. [potion of
                  | mutation]
 76822 | Zot:5    | Lost mutation: Your spells are a little easier to cast, but
                  | a little less powerful. [potion of mutation]
 76822 | Zot:5    | Lost mutation: Your mind is acute. (Int +2) [potion of
                  | mutation]
 76822 | Zot:5    | Gained mutation: You evolve. [potion of mutation]
 76822 | Zot:5    | Gained mutation: You are resistant to electric shocks.
                  | (rElec) [potion of mutation]
 76872 | Zot:5    | Got the Orb of Zot
 76881 | Zot:5    | Noticed Bilith the pandemonium lord
 76881 | Zot:5    | Noticed an ancient lich
 76883 | Zot:5    | Killed an ancient lich
 76891 | Zot:5    | Killed Bilith the pandemonium lord
 77283 | D:13     | Gained mutation: You are weak. (Str -2) [a cacodemon]
 77284 | D:13     | Gained mutation: You are frail. (-10% HP) [a cacodemon]
 77286 | D:13     | Gained mutation: You are very weak. (Str -4) [a cacodemon]
 77300 | D:13     | Lost mutation: You are frail. (-10% HP) [potion of
                  | mutation]
 77300 | D:13     | Lost mutation: Your skin changes colour to match your
                  | surroundings (Stealth+). [potion of mutation]
 77300 | D:13     | Gained mutation: Your flesh is cold resistant. (rC+)
                  | [potion of mutation]
 77301 | D:13     | Lost mutation: You evolve. [potion of mutation]
 77301 | D:13     | Lost mutation: You are very clumsy. (Dex -4) [potion of
                  | mutation]
 77301 | D:13     | Gained mutation: You expend magic power (3 MP) to
                  | strengthen your wands. [potion of mutation]
 77301 | D:13     | Gained mutation: You have an increased reservoir of magic.
                  | (+10% MP) [potion of mutation]
 77700 | D:$      | Escaped with the Orb!
